ElectroGuy, lawful female human Valkyrie ----- ------------ |...| -------------- |...........# ----- |...| |..!.)....(!.| |..........|# |....##%#####|....########|..!.!.(..+=[| |..........|# |...| #...<| I-.)?)*..*))?.| ---.---.----# #####`..^..# ----- ###|((....%+?[.)| ## ## # # |...|# # #-------------- # # # ### |...|# #%# ##### # ### # # ---+-# % # ---|-------# ### # # ### ### -------- |.........|`#`#####################%# # # |......| |.........|`## ### # # ----.-----# ###|>.....| |.........|` # # ##.........|# #.......| |.........| ### # |.........# -------- ----------- # ---|-- |........| ##.....|#####-........| |....-# ---------- |....| ------ ElectroGuy the Fighter Experience level: 6 Strength: 18/01 Dexterity: 12 Constitution: 18 Intelligence: 9 Wisdom: 8 Charisma: 10 Health: 0(69) Energy: 18(18) Def: 10 Gold: 0 Moves: 2012 Dungeon seed: U16eOgGkquaaIQuS Game ID: ElectroGuy_1577558283 Your Inventory: Weapons a - a +1 long sword (weapon in hand) Q - a +0 rubber hose Armor e - an uncursed +3 small shield (being worn) n - an uncursed +0 pair of leather gloves (being worn) q - an uncursed +0 pair of high boots (being worn) r - an uncursed +0 studded leather armor (being worn) Comestibles u - an uncursed tripe ration K - an uncursed sprig of wolfsbane R - 11 uncursed cream pies Spellbooks N - an uncursed spellbook of drain life Rings h - an uncursed +2 ring of increase damage (on left hand) z - a cursed ring of hunger (on right hand) Wands M - a wand of slow monster (0:6) Tools i - an uncursed skeleton key o - an uncursed magic whistle O - an uncursed tallow candle (0:200) Gems y - an uncursed jade stone Spells and supernatural/magical abilities: Name Level Category Fail Memory D - drain life 2 attack 100% 99% W - pray for help -- divine ? -- Your skills at the end: Fighting Skills Weapon Skills dagger [Basic] long sword [Skilled] Spellcasting Skills Final Attributes: You were piously aligned. You were cold resistant. You hungered rapidly. You were stealthy. You aggravated monsters. You had a +2 damage bonus. You were unlucky. You are dead. Vanquished creatures: a large mimic a small mimic a shrieker 2 gnome lords a gnomish wizard a golden naga hatchling 3 giant ants a little dog a homunculus a giant bat 3 Kop Sergeants 3 iguanas 2 coyotes a hobbit 5 gnomes 8 Keystone Kops 2 garter snakes a gnome zombie a gecko 5 jackals a kobold 2 goblins 2 sewer rats 6 grid bugs 2 bats 2 lichens a newt 60 creatures vanquished. Voluntary challenges: You were an atheist. You used a wielded weapon 60 times, starting on turn 211. You read items or engraved 10 times, starting on turn 387. You never genocided any monsters. You never polymorphed an object. You never changed form. You used no wishes. You never split a pudding. You never wrote Elbereth's name. You violated your moral code, losing 20 points of alignment, starting on turn 700. Dungeon overview: The Dungeons of Doom: levels 1 to 4 Level 1 a long staircase Level 2 <- You were here a general store Level 3 a jewelry store Level 4 a general store stairs to The Gnomish Mines The Gnomish Mines: Level 5 stairs to The Dungeons of Doom History has recorded: On T:1 you entered the Dungeons of Doom to retrieve the Amulet of Yendor! On T:279 you reached level 2 of The Dungeons of Doom. On T:429 you advanced to experience level 2. On T:467 you advanced to experience level 3. On T:750 you reached level 3 of The Dungeons of Doom. On T:1003 you advanced to experience level 4. On T:1196 you reached level 4 of The Dungeons of Doom. On T:1585 you advanced to experience level 5. On T:1760 you reached level 1 of The Gnomish Mines. On T:1990 you advanced to experience level 6. Score breakdown: Gold: 0 ( 0 points) Experience: 6 levels (12456 points) Exploration: 5 levels ( 9.43%) ( 8320 points) Discoveries: 18 items ( 7.32%) ( 8115 points) Valuables value: (no points given unless you survive) Artifact value: 0 ( 0 points) Variety of kills: 27 monsters ( 7.09%) ( 7986 points) Turncount: 2012 turns ( -9 points) Survival: died (score multiplied by 80%) Total score: 29494 Latest messages: You miss Chicoutimi. Chicoutimi zaps a wand of striking! The wand misses you. You miss Chicoutimi. You hear rumbling in the distance. Chicoutimi zaps a wand of striking! The wand hits you! Chicoutimi zaps a wand of striking! The wand hits you! You feel better. Chicoutimi zaps a wand of striking! The wand misses you. Chicoutimi seems to be moving slower. Chicoutimi hurls a sky blue potion! The bottle crashes on your head and breaks into shards. You feel rather tired. It hits! (5x) You die... Chicoutimi takes all your possessions. Final status: Farvel ElectroGuy the Valkyrie, killed by a Mr. Chicoutimi, the shopkeeper, while sleeping off potion vapours... You died in The Dungeons of Doom on dungeon level 2 with 29494 points, and 0 pieces of gold, after 2012 moves. You were level 6 with a maximum of 69 hit points when you died.